 Dungeon Crawl Stone Soup version 0.29-a0-1016-g236c7fd91e (webtiles) character file.

Game seed: 11644102476807340528

7 Manisian the Caller (level 1, -2/10 HPs)
             Began as a Deep Elf Summoner on Aug 9, 2022.
             Slain by a hobgoblin (3 damage)
             ... on level 1 of the Dungeon.
             The game lasted 00:01:17 (294 turns).

Manisian the Caller (Deep Elf Summoner)              Turns: 294, Time: 00:01:17

Health: -2/10      AC:  2    Str:  5    XL:     1   Next: 83%
Magic:  5/6        EV: 12    Int: 19    God:
Gold:   0          SH:  0    Dex: 15    Spells: 5/6 levels left

rFire   . . .      SeeInvis .   (no weapon)
rCold   . . .      Faith    .   (no shield)
rNeg    . . .      Spirit   .   a - +0 robe
rPois   .          Reflect  .   (no helmet)
rElec   .          Harm     .   (no cloak)
rCorr   .          Rampage  .   (no gloves)
Will    .....                   (no boots)
Stlth   ++........              (no amulet)
HPRegen 0.03/turn               (no ring)
MPRegen 0.10/turn               (no ring)

@: no status effects
A: no striking features
a: no special abilities


You were on level 1 of the Dungeon.
You visited 1 branch of the dungeon, and saw 1 of its levels.

Inventory:

Armour
 a - a +0 robe (worn)
Scrolls
 c - 2 scrolls of identify {unknown}
 d - a scroll of fog {unknown}
 f - a scroll of magic mapping {unknown}
Potions
 b - a potion of magic
 e - a potion of ambrosia {unknown}


   Skills:
 + Level 2.4 Dodging
 + Level 2.5 Stealth
 + Level 3.1 Spellcasting
 + Level 4.7 Summonings


You had 5 spell levels left.
You knew the following spells:

 Your Spells              Type           Power      Damage    Failure   Level
a - Summon Small Mammal   Summ           80%        N/A       2%          1

Your spell library contained the following spells:

 Spells                   Type           Power      Damage    Failure   Level
 Call Imp                 Summ           20%        N/A       3%          2
 Call Canine Familiar     Summ           20%        N/A       6%          3
 Summon Guardian Golem    Hex/Summ       11%        N/A       17%         3
 Summon Lightning Spire   Summ/Air       11%        N/A       50%         4


Dungeon Overview and Level Annotations

Branches:
Dungeon (1/15)

Altars:


Message History

The kobold dies!
Magic restored.
You swap places.
Things that are here:
a +0 dagger; 4 stones
Found 5 atropa-tipped darts.
Your quokka disappears in a puff of smoke!
Your quokka disappears in a puff of smoke!
Found a stone staircase leading down.
A hobgoblin comes into view.
A hobgoblin is nearby!
Casting: Summon Small Mammal (safe; 2% risk of failure)
Confirm with . or Enter, or press ? or * to list all spells.
The hobgoblin hits you.
Casting: Summon Small Mammal (safe; 2% risk of failure)
Confirm with . or Enter, or press ? or * to list all spells.
The hobgoblin barely misses you.
Your rat bites the hobgoblin but does no damage.
The hobgoblin closely misses you.
You swap places.
The hobgoblin attacks as you move away! The hobgoblin hits you.
Your rat misses the hobgoblin. The hobgoblin hits your rat.
Your rat dies!
Your rat's corpse disappears in a puff of smoke!
You are too injured to fight recklessly!
You are too injured to fight recklessly!
You are too injured to fight recklessly!
You are too injured to fight recklessly!
You barely miss the hobgoblin.
Your rat closely misses the hobgoblin.
The hobgoblin closely misses you.
You hit the hobgoblin but do no damage. The hobgoblin closely misses you.
Your rat misses the hobgoblin. You closely miss the hobgoblin.
The hobgoblin hits you.
* * * LOW HITPOINT WARNING * * *
Your rat bites the hobgoblin.
Your rat barely misses the hobgoblin.
The hobgoblin attacks as you move away! The hobgoblin barely misses you.
The hobgoblin attacks as you move away! The hobgoblin barely misses you.
The hobgoblin attacks as you move away! The hobgoblin hits you.
You die...

.##... #.# .(...######
###.# #........# #...#
###....###.## #.###
............# #.####...
............####r.......
.................####...
###....###.#####g#
#........# #@#
##..)###### #.# #...§.#
#.# #.....#### #.#
##.......[######.####.
.....#.##∩..∩.._..♣..♣.#
##.#[#.##..............#
....#..#..............#
...###...∩..♣..♣.....♣#


You could see a hobgoblin (ally target) and a friendly rat (summoned).

Vanquished Creatures (collateral kills)
  A ball python (D:1)
  2 bats (D:1)
  An endoplasm (D:1)
  A kobold (D:1)
5 creatures vanquished.

Notes
Turn   | Place    | Note
-------+----------+-------------------------------------------
     0 | D:1      | Manisian the Deep Elf Summoner began the quest for the Orb.
     0 | D:1      | Reached XP level 1. HP: 10/10 MP: 6/6
     6 | D:1      | Noticed a water moccasin
     6 | D:1      | Noticed a polar bear
     6 | D:1      | Noticed a scorpion
     7 | D:1      | Noticed a hound
     7 | D:1      | Noticed a wyvern
    48 | D:1      | Found a faded altar of an unknown god.
   294 | D:1      | Slain by a hobgoblin

Illustrated notes

Levels and vault maps discovered:
D:1:      onia_arrival_zoo_common, layout_loops_cross,
          hellmonk_ecumenical_altar_arch_garden, minivault_4

Action                   || total
-------------------------++-------
Melee: Unarmed           ||     4
 Cast: Summon Small Mamm ||    10
Armor: Robe              ||     2
Dodge: Dodged            ||    12

Table legend: (Time is in decaauts)
 A = Elapsed time spent in this place.
 B = Non-inter-level travel time spent in this place.
 C = Inter-level travel time spent in this place.
 D = Time resting spent in this place.
 E = Time spent auto-exploring this place.
 F = Levels seen in this place.
 G = Mean time per level.
                   A        B        C        D        E       F      G
               +--------+--------+--------+--------+--------+-----+--------+
         Total |    294 |    294 |      0 |      0 |    171 |   1 |  294.0 |
       Dungeon |    294 |    294 |      0 |      0 |    171 |   1 |  294.0 |
               +--------+--------+--------+--------+--------+-----+--------+

Top non-repeatable levels by time:
     D:1: 294 daAuts
